 Dungeon Crawl Stone Soup version 0.22-a0-280-g69bf1f3 (webtiles) character file.

20 galech the Ruffian (level 2, 0/29 HPs)
             Began as a Troll Monk on Mar 16, 2018.
             Slain by Sigmund
             ... wielding a +0 scythe
              (2 damage)
             ... on level 2 of the Dungeon.
             The game lasted 00:01:07 (657 turns).

galech the Ruffian (Troll Monk)                      Turns: 657, Time: 00:01:08

Health: 0/29       AC:  5    Str: 18    XL:     2   Next: 58%
Magic:  1/1        EV: 13    Int:  6    God:
Gold:   63         SH:  0    Dex: 12    Spells: 1/1 levels left

rFire    . . .     SeeInvis .     - Unarmed
rCold    . . .     Gourm    +   (no shield)
rNeg     . . .     Faith    .   a - +0 robe
rPois    .         Spirit   .   (helmet restricted)
rElec    .         Reflect  .   (no cloak)
rCorr    .         Harm     .   (gloves unavailable)
MR       .....                  (boots unavailable)
Stlth    ++........             (no amulet)
HPRegen  0.49/turn              g - +3 ring of evasion
MPRegen  0.07/turn              (no ring)

@: no status effects
A: large, unfitting armour, claws 3, fast metabolism 3, gourmand, regeneration
1, shaggy fur 1, tough skin 2
a: no special abilities


You were on level 2 of the Dungeon.
You were very full.

You visited 1 branch of the dungeon, and saw 2 of its levels.

You collected 63 gold pieces.

Inventory:

Armour
 a - a +0 robe (worn)
Jewellery
 g - a +3 ring of evasion (left claw)
Scrolls
 d - a scroll of magic mapping {unknown}
 e - a scroll of amnesia {unknown}
 f - a scroll of remove curse {unknown}
Potions
 c - a potion of lignification {unknown}
 i - a potion of curing {unknown}
Comestibles
 b - 6 rations
 h - 4 chunks of flesh


   Skills:
 + Level 2.7 Fighting
 + Level 2.8 Dodging
 - Level 1.0 Stealth
 + Level 3.2 Unarmed Combat


You had one spell level left.
You didn't know any spells.

Dungeon Overview and Level Annotations

Branches:
Dungeon (2/15)

Altars:

Annotations:
D:2 Sigmund


Innate Abilities, Weirdness & Mutations

You are too large for most types of armour.
You have claws for hands.
Your metabolism is lightning-fast.
You like to eat raw meat.
Your natural rate of healing is unusually fast.
You are covered in fur. (AC +1)
You have very tough skin. (AC +2)


Message History

You hear a zap.
Something hits you. Something hits you but does no damage. Something hits you.
Something hits you but does no damage. Something hits you but does no damage.
Something hits you but does no damage.
You feel less wooden.
Your +0 robe unmelds from your body.
A magic dart appears from out of thin air!
The magic dart hits you!
No target in view!
Something hits you!
You closely miss something. You barely miss something. Something hits you.
You miss something. Something hits you!
* * * LOW HITPOINT WARNING * * *
You barely miss something. You claw something! Something hits you.
You die...

...### ......#.... .#
...##.#.#.# .###
.####.#.#.## ... .#
#.#....#### ..# ##
.........# ..#### #
#.......###.....##
#######.......##.{..<..#
................@......#
......>..........^.....#
###.###...........#...##
#.# #.......##.## ....
#.# #####.####.# ###
###.# #.# #.# ....# #.#
#.# ##### #.# #..
###########.#


There were no monsters in sight!

Vanquished Creatures
  2 dart slugs
  A leopard gecko (D:1)
  A giant cockroach (D:2)
  A goblin (D:1)
  2 hobgoblins (D:1)
  A quokka (D:2)
  A bat (D:1)
  A frilled lizard (D:2)
  A kobold (D:1)
  5 rats (D:1)
16 creatures vanquished.

Notes
Turn   | Place    | Note
-------+----------+-------------------------------------------
     0 | D:1      | galech the Troll Monk began the quest for the Orb.
     0 | D:1      | Reached XP level 1. HP: 22/22 MP: 0/0
   354 | D:1      | Reached XP level 2. HP: 29/29 MP: 1/1
   536 | D:1      | You fall through a shaft!
   630 | D:2      | Noticed Sigmund
   655 | D:2      | HP: 1/29 [something (11)]
   657 | D:2      | Slain by Sigmund

Vault maps used:
D:1:      arrival_zaba_pyramid, minmay_misc_feat_pillars, minmay_split_cup_small
D:2:      uniq_sigmund

Action                   || total
-------------------------++-------
Melee: Unarmed           ||    36
 Stab: Sleeping          ||     2
  Eat: Chunk             ||    11
Armor: Robe              ||     6
       Skin              ||     7
Dodge: Dodged            ||     8

Table legend:
 A = Spawn XP
 B = Non-spawn XP
 C = Spawn XP percentage of total XP
 D = Spawn monster count
 E = Non-spawn monster count
 F = Spawn count percentage of total count
 G = Total turns spent on level
                    A         B        C        D         E        F      G
               +---------+---------+-------+---------+---------+-------+---------
         Total |       0 |      29 |   0.0 |       0 |      16 |   0.0 |   657
               +---------+---------+-------+---------+---------+-------+---------
           D:1 |       0 |      20 |   0.0 |       0 |      12 |   0.0 |   536
           D:2 |       0 |       9 |   0.0 |       0 |       4 |   0.0 |   121
               +---------+---------+-------+---------+---------+-------+---------
